Map: 글리터링 애쉬즈 - 래더

Players

Trap

  • Race: Protoss Protoss

DPGRogue (Rogue) - Winner!

  • Race: Zerg Zerg

Event: DreamHack SC2 Masters Last Chance 2022

VOD

Have the link to the VOD?

Description

Time

  • Played on: Dec. 15, 2021, 7:55 a.m.
  • Length: 10:48

All games in this series

Show
View Real Time Build Order
Export as new Build Order

Trap Protoss 

Build Orders: 1 Gate Expand, Oracle Opening 

Get SALT Encoding   

  12  0:00  Probe  
  13  0:13  Pylon  
  13  0:16  Probe (Chrono Boost)  
  14  0:26  Probe (Chrono Boost)  
  15  0:31  Probe (Chrono Boost)  
  16  0:41  Gateway  
  16  0:43  Probe  
  17  0:51  Assimilator  
  17  0:55  Probe  
  18  1:07  Probe  
  19  1:19  Probe  
  19  1:25  Nexus  
  20  1:36  Cybernetics Core  
  20  1:37  Probe  
  21  1:44  Assimilator  
  21  1:49  Probe  
  21  1:52  Pylon  
  22  2:02  Probe (Chrono Boost)  
  23  2:12  Adept  
  23  2:15  Probe (Chrono Boost)  
  26  2:17  Stargate  
  27  2:23  Probe (Chrono Boost)  
  27  2:27  Warp Gate  
  27  2:34  Probe (Chrono Boost)  
  29  2:37  Probe (Chrono Boost)  
  29  2:42  Adept  
  32  2:46  Probe (Chrono Boost)  
  32  2:47  Probe (Chrono Boost)  
  33  2:51  Void Ray (Chrono Boost), Probe (Chrono Boost)  
  33  2:55  Probe  
  35  3:03  Probe  
  40  3:07  Probe  
  40  3:11  Pylon  
  43  3:15  Probe  
  43  3:19  Gateway  
  44  3:22  Probe  
  44  3:24  Oracle (Chrono Boost)  
  43  3:29  Probe  
  43  3:34  Probe  
  48  3:41  Probe  
  48  3:43  Pylon  
  48  3:46  Probe  
  49  3:57  Probe  
  49  3:58  Probe  
  49  4:02  Nexus  
  51  4:04  Assimilator  
  51  4:05  Assimilator  
  51  4:07  Stargate  
  51  4:11  Probe x2  
  53  4:18  Adept  
  53  4:19  Shield Battery  
  53  4:22  Pylon  
  55  4:25  Probe x2  
  57  4:32  Pylon  
  57  4:34  Void Ray  
  57  4:37  Probe  
  57  4:38  Probe  
  59  4:43  Protoss Air Weapons Level 1  
  63  4:48  Void Ray  
  63  4:50  Probe x2 (Chrono Boost), Forge  
  65  4:59  Probe x2 (Chrono Boost)  
  71  5:08  Probe x2 (Chrono Boost)  
  71  5:11  Void Ray  
  73  5:15  Probe (Chrono Boost)  
  80  5:22  Robotics Facility  
  80  5:25  Assimilator, Probe x3 (Chrono Boost)  
  80  5:26  Assimilator  
  80  5:27  Pylon  
  81  5:31  Void Ray, Probe x2  
  83  5:38  Probe  
  88  5:43  Probe x2, Pylon  
  88  5:48  Void Ray  
  90  5:51  Probe  
  90  5:55  Probe x2  
  97  5:58  Pylon  
  97  6:02  Pylon  
  97  6:04  Probe  
  97  6:05  Pylon  
  97  6:07  Probe x2  
  97  6:09  Zealot x2  
  104  6:12  Shield Battery  
  104  6:14  Robotics Bay  
  104  6:16  Observer  
  105  6:24  Photon Cannon  
  105  6:29  Fleet Beacon  
  105  6:33  Stargate  
  105  6:38  Nexus  
  105  6:40  Pylon  
  105  6:59  Zealot x2  
  109  7:04  Photon Cannon  
  109  7:06  Shield Battery  
  104  7:09  Disruptor  
  104  7:10  Probe x3  
  104  7:11  Carrier x2 (Chrono Boost)  
  122  7:16  Carrier (Chrono Boost)  
  128  7:25  Flux Vanes  
  128  7:26  Probe x2  
  128  7:27  Probe  
  128  7:29  Photon Cannon  
  131  7:32  Pylon  
  131  7:35  Assimilator  
  131  7:36  Protoss Ground Weapons Level 1  
  131  7:38  Photon Cannon, Assimilator  
  131  7:41  Photon Cannon  
  131  7:45  Photon Cannon  
  131  7:50  Twilight Council  
  131  7:55  Probe x4  
  135  7:59  Disruptor (Chrono Boost)  
  138  8:10  Zealot, Sentry  
  142  8:17  Photon Cannon  
  142  8:19  Shield Battery  
  142  8:22  Photon Cannon, Void Ray x2 (Chrono Boost)  
  142  8:23  Shield Battery  
  142  8:26  Void Ray (Chrono Boost)  
  154  8:35  Disruptor (Chrono Boost)  
  157  8:47  Photon Cannon  
  157  8:48  Shield Battery  
  155  8:49  Charge  
  155  8:51  Pylon  
  155  8:55  Zealot x2, Pylon  
  157  8:58  Void Ray x2 (Chrono Boost)  
  157  9:00  Void Ray (Chrono Boost)  
  159  9:07  Disruptor  
  162  9:19  Shield Battery  
  162  9:21  Shield Battery  
  162  9:25  Void Ray (Chrono Boost)  
  162  9:27  Void Ray (Chrono Boost)  
  146  10:00  Gateway  
  146  10:03  Gateway  
  146  10:04  Gateway  
  146  10:05  Zealot x2  
  146  10:07  Gateway  
  110  10:15  Gateway  
  110  10:17  Gateway  
  95  10:21  Templar Archives  
  95  10:22  Gateway  
  95  10:24  Gateway  
  95  10:26  Zealot x2  
  86  10:29  Cybernetics Core  
Show
View Real Time Build Order
Export as new Build Order

DPGRogue Zerg - Winner!

Build Orders: Hatch First 

Get SALT Encoding   

  12  0:00  Drone  
  13  0:12  Overlord  
  13  0:16  Drone  
  14  0:30  Drone x2  
  16  0:47  Drone x2  
  18  0:55  Hatchery  
  17  0:57  Drone  
  17  1:01  Extractor  
  17  1:12  Spawning Pool  
  17  1:14  Drone  
  17  1:18  Drone  
  18  1:27  Drone  
  19  1:38  Drone  
  20  1:49  Overlord  
  20  2:00  Zergling x2  
  21  2:06  Queen  
  21  2:07  Queen  
  26  2:08  Zergling x2  
  26  2:11  Drone  
  26  2:13  Metabolic Boost  
  27  2:18  Drone  
  27  2:21  Drone  
  29  2:30  Drone  
  29  2:35  Drone  
  31  2:41  Hatchery  
  31  2:43  Drone x2  
  32  2:49  Queen  
  34  2:53  Overlord  
  34  2:56  Zergling x2  
  35  3:01  Drone  
  36  3:13  Queen  
  36  3:15  Drone  
  36  3:18  Drone x3  
  36  3:19  Drone  
  43  3:20  Drone  
  43  3:21  Overlord  
  43  3:25  Overlord  
  44  3:30  Drone, Spore Crawler  
  44  3:41  Drone  
  44  3:42  Drone x2  
  44  3:43  Drone  
  44  3:45  Drone x3  
  44  3:47  Drone  
  52  3:49  Evolution Chamber  
  52  3:53  Drone  
  51  3:56  Queen  
  51  3:58  Drone  
  51  4:00  Spore Crawler  
  51  4:02  Drone x2  
  55  4:04  Drone  
  55  4:08  Drone x3  
  59  4:13  Drone  
  59  4:14  Zerg Missile Weapons Level 1  
  59  4:16  Spore Crawler  
  59  4:20  Overlord  
  59  4:21  Drone  
  60  4:24  Drone  
  60  4:27  Zergling x8  
  60  4:30  Overlord  
  65  4:31  Drone  
  65  4:35  Overlord  
  65  4:38  Queen  
  67  4:45  Drone x7  
  74  4:50  Lair  
  74  4:53  Extractor  
  74  4:54  Drone  
  74  4:55  Extractor  
  74  4:59  Drone x4  
  77  5:02  Queen  
  77  5:06  Roach Warren  
  78  5:07  Drone x4  
  78  5:10  Extractor x2  
  78  5:11  Drone x2  
  78  5:12  Drone x2  
  84  5:16  Queen  
  84  5:18  Drone  
  84  5:20  Overlord  
  86  5:22  Drone, Extractor  
  86  5:23  Drone  
  86  5:24  Drone  
  86  5:27  Drone  
  89  5:30  Overlord  
  89  5:34  Overlord  
  89  5:36  Overlord  
  89  5:40  Queen  
  91  5:46  Hatchery  
  90  5:51  Pneumatized Carapace  
  90  5:53  Glial Reconstitution  
  90  5:54  Queen  
  92  5:58  Drone x7  
  92  6:01  Overseer  
  98  6:06  Zergling x4  
  98  6:07  Zergling x6  
  103  6:12  Overlord  
  103  6:17  Spire  
  101  6:18  Queen  
  101  6:19  Infestation Pit  
  101  6:21  Zerg Missile Weapons Level 2  
  101  6:24  Drone x4  
  106  6:28  Drone  
  106  6:29  Drone, Overlord  
  106  6:32  Overlord  
  108  6:35  Queen  
  110  6:43  Overlord  
  111  6:47  Spore Crawler  
  111  6:48  Drone x2  
  110  6:54  Queen  
  110  6:59  Drone  
  110  7:00  Drone  
  103  7:11  Queen  
  103  7:12  Drone  
  103  7:13  Drone x2  
  103  7:15  Extractor, Overlord  
  107  7:16  Extractor  
  107  7:18  Queen  
  107  7:21  Zergling x12  
  114  7:23  Queen  
  114  7:26  Overseer  
  114  7:28  Drone  
  114  7:29  Overlord  
  117  7:34  Zerg Flyer Armor Level 1  
  117  7:48  Corruptor x11  
  139  7:52  Corruptor  
  139  7:55  Corruptor  
  143  8:03  Corruptor  
  143  8:04  Corruptor x3  
  151  8:09  Overlord  
  151  8:11  Corruptor x2  
  155  8:17  Overlord x2  
  155  8:21  Roach x3  
  155  8:23  Overlord  
  161  8:28  Overlord  
  161  8:31  Roach  
  161  8:32  Roach x4  
  170  8:37  Roach  
  170  8:38  Roach x2  
  170  8:40  Roach  
  180  8:41  Roach  
  180  8:42  Roach  
  180  8:43  Roach  
  180  8:46  Roach x2  
  187  8:59  Corruptor x4  
  187  9:02  Corruptor  
  191  9:11  Corruptor x2  
  191  9:12  Corruptor  
  187  9:28  Corruptor  
  187  9:29  Corruptor x3  
  187  9:30  Hatchery  
  182  9:41  Corruptor x3  
  180  9:47  Corruptor  
  180  9:51  Corruptor  
  172  9:54  Zergling x4  
  172  9:59  Roach  
  170  10:00  Roach x4  
  170  10:04  Roach x6  
  170  10:05  Roach  
  170  10:06  Zergling x2  
  189  10:07  Zergling x2  
  189  10:11  Roach  
  189  10:13  Roach  
  182  10:15  Roach x4  
  186  10:25  Roach x4  
  186  10:26  Roach  
  188  10:29  Roach  

Tags
 
Add a new tag
Caveats
  • Supply blocks, unpowered buildings, or Contaminate may cause inaccurate times.
  • Supply counts are checked every 10 seconds.